AoeStats
← 玩印度的哥们硬不起来

Arena

509576668Analyzed
4v4 RM · 6d ago on Sep 27, 2026· 54m 54s· 8 players
Game mode
Random Map
Map size
Large (8 player)
Population
200
Speed
Normal
Resources
Standard
Victory
Conquest
Starting age
Dark Age
Ending age
Imperial Age
RankedLock teamsTeams togetherTeam positionsShared explorationLock speedFull tech treeHidden civsTurbo modeCheats
Victory
Defeat
🇩🇪 Georgians · Germany
1442
+15
🇹🇷 Khmer · Türkiye
1430
+15
🇹🇼 Tatars · Taiwan
1421
+15
🇩🇪 Cumans · Germany
1399
+16
1443
-17
🇨🇳 Saracens · China
1438
-16
🇨🇳 Britons · China
1380
-14
🇨🇳 Varangians · China
1378
-14
KIV.Victus_V2
8:58 Feudal Age
9:31 Double-Bit Axe
18:28 Castle Age
17:18 Gold Mining
18:18 Bloodlines
19:12 Scale Barding Armor
19:45 Bow Saw
26:42 Wheelbarrow
25:56 Horse Collar
28:05 Chain Barding Armor
30:21 Imperial Age
28:22 Chain Barding Armor
28:43 Forging
30:28 Iron Casting
31:11 Gold Shaft Mining
30:53 Hand Cart
30:23 Loom
32:32 Plate Barding Armor
31:49 Cavalier
34:33 Blast Furnace
33:44 Herbal Medicine
35:44 Paladin
36:42 Stone Mining
36:40 Town Watch
38:33 Devotion
41:41 Heavy Plow
42:12 Conscription
43:08 Chemistry
44:59 Murder Holes
54:28 Light Cavalry
Yokolucu
10:56 Feudal Age
13:37 Castle Age
11:56 Double-Bit Axe
23:00 Wheelbarrow
22:54 Gold Mining
24:01 Town Watch
28:48 Imperial Age
26:58 Ballistics
29:09 Heavy Scorpion
31:10 Bow Saw
32:55 Chemistry
32:00 Horse Collar
32:47 Heavy Plow
34:02 Siege Engineers
34:59 Capped Ram
35:51 Siege Ram
37:13 Double Crossbow
40:06 Loom
40:36 Hand Cart
44:24 Gold Shaft Mining
chengaopeng044
0:41 Loom
11:08 Feudal Age
14:48 Castle Age
12:48 Double-Bit Axe
13:50 Bloodlines
15:07 Scale Barding Armor
20:01 Forging
21:31 Bow Saw
25:44 Iron Casting
26:46 Horse Collar
27:32 Gold Mining
28:52 Wheelbarrow
28:48 Stone Mining
31:01 Hand Cart
31:12 Town Watch
31:36 Heavy Plow
32:47 Fletching
33:18 Chain Barding Armor
32:58 Padded Archer Armor
32:35 Elite Skirmisher
33:59 Bodkin Arrow
36:22 Leather Archer Armor
37:33 Ballistics
43:46 Pikeman
47:52 Scale Mail Armor
49:27 Careening
orangefaser
10:31 Feudal Age
14:31 Castle Age
12:57 Double-Bit Axe
13:14 Horse Collar
15:27 Bow Saw
23:14 Wheelbarrow
23:33 Gold Mining
23:33 Stone Mining
25:17 Hand Cart
26:49 Scale Barding Armor
26:54 Forging
27:58 Stone Shaft Mining
27:50 Loom
30:37 Imperial Age
30:06 Ballistics
29:38 Fletching
30:42 Guard Tower
30:47 Murder Holes
31:07 Bodkin Arrow
31:13 Padded Archer Armor
30:59 Treadmill Crane
31:29 Masonry
31:53 Bracer
31:18 Elite Skirmisher
32:41 Conscription
32:29 Svan Towers
32:59 Leather Archer Armor
33:11 Scale Mail Armor
33:32 Chain Barding Armor
33:47 Iron Casting
33:08 Light Cavalry
33:58 Bloodlines
35:09 Chemistry
34:51 Heavy Plow
35:09 Crossbowman
36:43 Keep
36:40 Architecture
36:03 Hussar
38:29 Plate Barding Armor
38:55 Blast Furnace
39:16 Aznauri Cavalry
45:50 Crop Rotation
45:28 Pikeman
46:08 Squires
46:31 Halberdier
47:49 Elite Monaspa
玩印度的哥们硬不起来
5:58 Loom
11:05 Feudal Age
14:50 Castle Age
12:39 Double-Bit Axe
15:24 Wheelbarrow
16:32 Horse Collar
17:19 Heavy Plow
28:32 Gold Mining
31:16 Imperial Age
29:36 Bow Saw
33:00 Chemistry
32:55 Hand Cart
33:46 Padded Archer Armor
35:12 Two-Man Saw
35:30 Leather Archer Armor
35:44 Pikeman
37:16 Ring Archer Armor
36:47 Scale Mail Armor
37:21 Conscription
38:10 Scale Barding Armor
38:43 Husbandry
39:42 Chain Barding Armor
39:17 Stone Mining
39:32 Halberdier
40:28 Chain Mail Armor
41:30 Plate Barding Armor
40:21 Light Cavalry
41:53 Forging
42:32 Plate Mail Armor
42:43 Crop Rotation
44:06 Iron Casting
44:45 Cavalier
47:01 Capped Ram
47:46 Fletching
47:19 Elite Skirmisher
48:10 Siege Ram
50:45 Squires
craner_x
9:54 Feudal Age
13:40 Castle Age
11:28 Double-Bit Axe
11:49 Horse Collar
15:00 Bow Saw
16:20 Wheelbarrow
20:10 Heavy Plow
20:53 Loom
22:03 Wheelbarrow
21:36 Stone Mining
24:24 Hand Cart
29:47 Imperial Age
27:58 Gold Mining
28:20 Scale Barding Armor
28:26 Forging
29:29 Chain Barding Armor
30:00 Bloodlines
29:51 Husbandry
30:45 Iron Casting
30:51 Conscription
29:51 Elite Mameluke
31:36 Two-Man Saw
31:42 Plate Barding Armor
31:44 Gold Shaft Mining
33:37 Blast Furnace
33:06 Bimaristan
33:27 Town Watch
34:16 Fletching
37:05 Bodkin Arrow
37:23 Devotion
38:07 Hoardings
42:18 Coinage
43:04 Ballistics
43:35 Banking
43:06 Capped Ram
44:14 Siege Ram
48:42 Bracer
张世豪
10:04 Feudal Age
11:09 Double-Bit Axe
13:58 Castle Age
12:54 Horse Collar
13:50 Gold Mining
15:28 Loom
16:45 Bow Saw
21:52 Fletching
22:28 Bodkin Arrow
24:16 Padded Archer Armor
25:38 Wheelbarrow
25:23 Leather Archer Armor
27:02 Ballistics
31:52 Imperial Age
30:28 Hand Cart
31:43 Heavy Plow
32:29 Yeomen
32:59 Bracer
33:30 Ring Archer Armor
35:03 Chemistry
34:14 Fortified Wall
34:29 Hand Cart
35:18 Treadmill Crane
35:49 Masonry
38:34 Elite Longbowman
42:16 Conscription
杨吉光
10:30 Feudal Age
15:04 Castle Age
13:35 Double-Bit Axe
15:21 Bloodlines
15:29 Horse Collar
19:43 Bow Saw
21:55 Gold Mining
25:10 Fervor
26:23 Wheelbarrow
26:25 Scale Barding Armor
28:35 Husbandry
30:22 Forging
32:17 Iron Casting
35:42 Imperial Age
34:47 Chain Barding Armor
35:50 Cavalier
37:46 Blast Furnace
40:54 Plate Barding Armor
40:55 Stone Mining
41:07 Heavy Plow
41:38 Onager
Connection lost

Rejoining the realm…

Still unreachable

The connection could not be restored.

Session expired

The server has moved on; the page needs a fresh start.